[Event "Titled Tuesday Blitz July 6 2021"]
[White "Spata, German"]
[Black "Deepan Chakkravarthy J."]
[WhiteFideId "113026"]
[BlackFideId "5011132"]
[WhiteElo "2238"]
[BlackElo "2490"]
[Result "0-1"]
[Round "02"]
[TimeControl "180+1"]
[Date "2021.07.06"]
[WhiteClock "0:00:21"]
[BlackClock "0:01:33"]

1. Nf3 d5 2. e3 c6 3. c4 Nf6 4. Nc3 e6 5. b3 Nbd7 6. Bb2 Bd6 7. Qc2 O-O 8. Rg1 a6 9. g4 b5 10. g5 Ne8 11. h4 bxc4 12. bxc4 Rb8 13. h5 e5 14. cxd5 cxd5 15. Nxd5 Bb7 16. Bc4 Nb6 17. Nxb6 Qxb6 18. Nxe5 Be4 19. Qxe4 Qxb2 20. Bd3 g6 21. hxg6 Qxa1+ 22. Ke2 Qxe5 23. gxh7+ Kh8 24. Qh4 Ng7 25. f4 Qd5 26. g6 f5 27. Rc1 Rbd8 0-1


[Site "https://www.chess.com"]

[Event "Titled Tuesday Blitz July 6 2021"]
[White "Steven_Rojas"]
[Black "Cunjalo, Faris"]
[BlackFideId "14410710"]
[WhiteElo "2529"]
[BlackElo "2234"]
[Result "0-1"]
[Round "02"]
[TimeControl "180+1"]
[Date "2021.07.06"]
[WhiteClock "0:00:18"]
[BlackClock "0:00:31"]

1. c4 e6 2. e4 d5 3. exd5 exd5 4. cxd5 Nf6 5. Bb5+ Bd7 6. Bc4 Bd6 7. Ne2 O-O 8. h3 Bf5 9. Nbc3 Nbd7 10. O-O a6 11. a4 Re8 12. a5 Ne5 13. Ra4 Nxc4 14. Rxc4 Nxd5 15. d3 Nxc3 16. Nxc3 Bxd3 17. Rg4 Bxf1 18. Qxf1 Be5 19. Be3 Qd7 20. Ne4 f5 21. Nc5 Qb5 22. Rc4 f4 23. Bc1 Rad8 24. b3 Rd4 25. Ne4 Rxc4 26. bxc4 Qxa5 27. Qd1 Qb6 28. Ng5 Qc6 29. Qh5 Qg6 30. Qh4 Bf6 31. Bxf4 h6 32. Qg3 hxg5 33. Bxc7 Re1+ 34. Kh2 Qb1 35. Qf3 Qe4 36. Qb3 Be5+ 37. Bxe5 Qxe5+ 38. f4 Qxf4+ 39. Qg3 Rh1+ 40. Kxh1 Qxg3 0-1


[Site "https://www.chess.com"]

[Event "Titled Tuesday Blitz July 6 2021"]
[White "Svane, Frederik"]
[Black "Sawlin, Leonid"]
[WhiteFideId "12923044"]
[BlackFideId "4689542"]
[WhiteElo "2459"]
[BlackElo "2412"]
[Result "0-1"]
[Round "02"]
[TimeControl "180+1"]
[Date "2021.07.06"]
[WhiteClock "0:00:01"]
[BlackClock "0:01:04"]

1. e4 e6 2. d3 d5 3. Nd2 Nf6 4. Ngf3 c5 5. g3 Nc6 6. Bg2 Be7 7. O-O O-O 8. Re1 b5 9. e5 Nd7 10. Nf1 a5 11. h4 Ba6 12. h5 h6 13. N1h2 Qc7 14. Ng4 Rfc8 15. Bf4 Bf8 16. Qd2 Qd8 17. Ngh2 Nd4 18. g4 Be7 19. g5 hxg5 20. Nxg5 c4 21. dxc4 Rxc4 22. b3 Rxc2 23. Qxd4 Bxg5 24. Ng4 b4 25. h6 Rac8 26. hxg7 R8c4 27. bxc4 Rxc4 28. Qa7 Rxf4 29. Qxa6 Rxg4 30. Qe2 Rh4 31. Rad1 Kxg7 32. Rd3 Bf4 33. Kf1 Nxe5 34. Rd4 Ng6 35. Qb2 Qf6 36. Qc2 Qxd4 0-1


[Site "https://www.chess.com"]

[Event "Titled Tuesday Blitz July 6 2021"]
[White "Svane, Rasmus"]
[Black "Pourkashiyan, Atousa"]
[WhiteFideId "4657101"]
[BlackFideId "12502014"]
[WhiteElo "2669"]
[BlackElo "2285"]
[Result "1-0"]
[Round "02"]
[TimeControl "180+1"]
[Date "2021.07.06"]
[WhiteClock "0:00:19"]
[BlackClock "0:00:12"]

1. Nf3 d5 2. g3 c6 3. Bg2 Nf6 4. O-O Bg4 5. h3 Bh5 6. d4 Nbd7 7. c4 e6 8. cxd5 exd5 9. Ne5 Bg6 10. Nc3 Bb4 11. Qb3 Qb6 12. Be3 Bxc3 13. bxc3 Qxb3 14. axb3 Ne4 15. Nxg6 hxg6 16. c4 f5 17. Rfc1 Ndf6 18. Bf4 Kd7 19. Be5 Rhc8 20. cxd5 cxd5 21. Rxc8 Rxc8 22. Rxa7 Rc1+ 23. Kh2 Kc6 24. Ra8 Rb1 25. Rc8+ Kb6 26. Rg8 Nxf2 27. Rxg7 N6e4 28. Rxg6+ Kb5 29. Rg7 b6 30. Rf7 Rxb3 31. Rxf5 Kc4 32. g4 b5 33. g5 Nxg5 34. Rxg5 Re3 35. Bxd5+ Kc3 36. Bf3 b4 37. d5+ Kc2 38. d6 Rxe5 39. Rxe5 b3 40. d7 b2 41. Rc5+ Kd1 42. d8=Q+ Ke1 43. Rc1+ 1-0


[Site "https://www.chess.com"]

[Event "Titled Tuesday Blitz July 6 2021"]
[White "Sychev, Klementy"]
[Black "Novikov, Evgenij"]
[WhiteFideId "4114060"]
[BlackFideId "4125380"]
[WhiteElo "2615"]
[BlackElo "2242"]
[Result "1-0"]
[Round "02"]
[TimeControl "180+1"]
[Date "2021.07.06"]
[WhiteClock "0:00:08"]
[BlackClock "0:00:06"]

1. e4 c6 2. Nc3 d5 3. Qf3 e6 4. d4 Nd7 5. Bd3 a6 6. Nh3 dxe4 7. Nxe4 Ngf6 8. c3 Nxe4 9. Bxe4 Nf6 10. Bc2 Be7 11. O-O O-O 12. Nf4 c5 13. dxc5 Bxc5 14. Nd3 Be7 15. Ne5 Qd5 16. Qxd5 exd5 17. Re1 Be6 18. Nf3 Bc5 19. Be3 b6 20. Bd4 Bxd4 21. Nxd4 Rfe8 22. Bd3 g6 23. h3 Kg7 24. f4 Nd7 25. f5 Nc5 26. Rad1 Nxd3 27. Rxd3 Bxf5 28. Nxf5+ gxf5 29. Red1 Re2 30. R1d2 Rxd2 31. Rxd2 Rd8 32. Kf2 Kf6 33. Kf3 a5 34. Kf4 h5 35. a4 Re8 36. Rxd5 Re4+ 37. Kf3 Rxa4 38. Rb5 h4 39. Rxb6+ Kg5 40. Rb8 Ra2 41. c4 a4 42. c5 a3 43. bxa3 Rxa3+ 44. Kf2 Rc3 45. Rc8 Kf4 46. c6 Rc2+ 47. Kf1 Kg3 48. c7 Kh2 49. Ke1 f4 50. Kd1 Rc6 51. Ke2 Rc3 52. Kd2 Rc6 53. Kd3 f3 54. gxf3 Kxh3 55. Ke4 Kh2 56. Kd5 Rc1 57. Kd6 h3 58. Rg8 Kh1 59. c8=Q Rxc8 60. Rxc8 h2 61. Rg8 f5 62. Ke5 f4 63. Rh8 Kg2 64. Rxh2+ Kxh2 65. Kxf4 Kh3 66. Kg5 Kg3 67. f4 Kf3 68. f5 Ke4 69. f6 Ke5 70. f7 Ke6 71. f8=Q 1-0


[Site "https://www.chess.com"]

[Event "Titled Tuesday Blitz July 6 2021"]
[White "Tejedor Fuente, Enrique"]
[Black "Maghsoodloo, Parham"]
[WhiteFideId "2299100"]
[BlackFideId "12539929"]
[WhiteElo "2535"]
[BlackElo "2601"]
[Result "0-1"]
[Round "02"]
[TimeControl "180+1"]
[Date "2021.07.06"]
[WhiteClock "0:00:01"]
[BlackClock "0:00:12"]

1. e4 c6 2. Nc3 d5 3. d4 dxe4 4. Nxe4 Bf5 5. Nc5 Qc8 6. Nf3 e6 7. Bd3 Bxd3 8. Nxd3 Nd7 9. O-O Ngf6 10. c3 c5 11. h3 a6 12. Be3 c4 13. Nde5 Bd6 14. Bf4 Qc7 15. Re1 O-O 16. Nxd7 Nxd7 17. Bxd6 Qxd6 18. Ne5 b5 19. Nxd7 Qxd7 20. a4 Rfb8 21. b4 cxb3 22. Qxb3 a5 23. axb5 Rxb5 24. Qa4 Qb7 25. Ra3 h5 26. Rea1 Rg5 27. d5 Qxd5 28. g3 Qf3 29. c4 Qf5 30. h4 Rg4 31. Qb5 Qxb5 32. cxb5 a4 33. b6 Kh7 34. Kg2 Rb4 35. b7 Rxb7 36. Rxa4 Rxa4 37. Rxa4 Kg6 38. Ra5 f6 39. Ra6 e5 40. Ra2 Kf5 41. Re2 Rb3 42. Rc2 Rb4 43. Rd2 g6 44. Rc2 Rb6 45. Rc5 Ke4 46. Rc4+ Kd3 47. Rc8 f5 48. Ra8 e4 49. Ra3+ Kd4 50. Ra4+ Ke5 51. Ra5+ Kf6 52. Ra2 Rc6 53. Rb2 Ke5 54. Rb5+ Kd4 55. Rb4+ Kd3 56. Rb3+ Kd2 57. Rb2+ Kc3 58. Rb1 Rd6 59. Rc1+ Kb3 60. Rb1+ Kc2 61. Ra1 Kc3 62. Ra3+ Kd4 63. Ra4+ Ke5 64. Ra5+ Kf6 65. Ra2 g5 66. hxg5+ Kxg5 67. Rb2 Rd3 68. Ra2 Rb3 69. Rc2 h4 70. gxh4+ Kxh4 71. Rd2 Kg4 72. Ra2 f4 73. Ra8 f3+ 74. Kh2 Rb5 75. Rg8+ Rg5 76. Re8 Kf4 77. Kh1 Rg7 78. Rf8+ Kg5 79. Re8 Kf5 80. Rf8+ Ke6 81. Re8+ Re7 82. Rg8 Ke5 83. Kh2 Kd4 84. Rd8+ Kc3 85. Kg3 Rf7 86. Rd1 Kc2 87. Re1 Kd3 88. Kh2 Rg7 89. Kh1 Rg4 90. Re3+ Kd2 91. Ra3 Ke2 92. Ra2+ Kf1 93. Ra1+ Kxf2 94. Ra2+ Kg3 95. Rb2 e3 96. Rc2 e2 97. Rc1 Kf2 0-1


[Site "https://www.chess.com"]

[Event "Titled Tuesday Blitz July 6 2021"]
[White "Travadon, Loic"]
[Black "Solon, Nathan"]
[WhiteFideId "26092131"]
[BlackFideId "2017229"]
[WhiteElo "2095"]
[BlackElo "2644"]
[Result "1-0"]
[Round "02"]
[TimeControl "180+1"]
[Date "2021.07.06"]
[WhiteClock "0:00:58"]
[BlackClock "0:00:15"]

1. Nf3 d5 2. d4 Nf6 3. c4 dxc4 4. e3 Bg4 5. Bxc4 e6 6. h3 Bh5 7. O-O a6 8. Nbd2 Nc6 9. b3 Bd6 10. Bb2 Qe7 11. Be2 O-O 12. Rc1 Rad8 13. Qc2 e5 14. dxe5 Nxe5 15. Rfd1 Bg6 16. e4 Nxf3+ 17. Bxf3 Rfe8 18. Re1 Nd5 19. Nc4 Nb4 20. Qc3 f6 21. Nxd6 Qxd6 22. Rcd1 Qe7 23. a3 Nc6 24. e5 Rxd1 25. Bxd1 Nxe5 26. Kh1 Qd8 27. b4 Nd3 28. Bb3+ Kh8 29. Rxe8+ Qxe8 30. Kg1 c6 31. Qxf6 Nxb2 32. Qxb2 h6 33. Qd2 Kh7 34. f3 Qe5 35. Kf2 Qa1 36. Qe3 Qb2+ 37. Kg3 Qf6 38. h4 Qd8 39. Qe6 Bd3 40. h5 Qf8 41. Kg4 Kh8 42. f4 Qd8 43. Kh3 Bh7 44. g3 Bg8 45. Qxg8+ Qxg8 46. Bxg8 Kxg8 47. Kg4 Kf7 48. Kf5 b6 49. g4 Ke7 50. Ke5 Kd7 51. a4 Ke7 52. g5 hxg5 53. fxg5 Kd7 54. h6 1-0


[Site "https://www.chess.com"]

[Event "Titled Tuesday Blitz July 6 2021"]
[White "Villegas, Pierre"]
[Black "Siva Mahadevan"]
[WhiteFideId "654183"]
[BlackFideId "25043153"]
[WhiteElo "2411"]
[BlackElo "2203"]
[Result "0-1"]
[Round "02"]
[TimeControl "180+1"]
[Date "2021.07.06"]
[WhiteClock "0:00:02"]
[BlackClock "0:00:22"]

1. d4 Nf6 2. c4 g6 3. f3 d5 4. cxd5 Nxd5 5. e4 Nb6 6. Nc3 Bg7 7. Be3 O-O 8. Qd2 e5 9. d5 c6 10. Rd1 cxd5 11. exd5 N8d7 12. h4 Nf6 13. g4 e4 14. g5 Nh5 15. Nxe4 Re8 16. Nh3 Bxh3 17. Rxh3 Qd7 18. Rh2 Rac8 19. Bh3 Qa4 20. b3 Qa3 21. Bxc8 Rxc8 22. Rc1 Rd8 23. d6 Nd7 24. Rd1 Ne5 25. Kf2 Qa6 26. Qe2 Qc6 27. Rhh1 Re8 28. Rc1 Qd5 29. Rhd1 Qe6 30. d7 Nxd7 31. Kg2 Ne5 32. Rd6 Qf5 33. Rc7 Ng4 34. Bg1 Nf4+ 0-1


[Site "https://www.chess.com"]

[Event "Titled Tuesday Blitz July 6 2021"]
[White "Vlachos, Anatole"]
[Black "Kanyamarala, Trisha"]
[WhiteFideId "26093189"]
[BlackFideId "45004722"]
[WhiteElo "2350"]
[BlackElo "2074"]
[Result "1-0"]
[Round "02"]
[TimeControl "180+1"]
[Date "2021.07.06"]
[WhiteClock "0:01:04"]
[BlackClock "0:00:01"]

1. Nf3 d5 2. g3 Nd7 3. Bg2 e5 4. O-O e4 5. Ne1 Ngf6 6. d3 Be7 7. c4 c6 8. Nc3 exd3 9. cxd5 dxe2 10. Qxe2 cxd5 11. Nxd5 Nxd5 12. Bxd5 O-O 13. Ng2 Nb6 14. Bb3 Bf6 15. Be3 Bf5 16. Rad1 Qe7 17. Nf4 Be5 18. Qf3 Bxf4 19. Bxf4 Qf6 20. Rfe1 Qg6 21. Rd6 Qg4 22. Qxg4 Bxg4 23. Kg2 h6 24. h3 Bf5 25. g4 Bd7 26. Re7 Bc6+ 27. Kg3 Nc8 28. Rxf7 Nxd6 29. Re7+ Kh8 30. Bxd6 Rf3+ 31. Kh4 Rxf2 32. Be5 Rg8 33. Bxg8 Kxg8 34. Rxg7+ Kf8 35. Rh7 Re2 36. Bc3 Rh2 37. Rxh6 Bg2 38. Kg3 Bxh3 39. Rxh3 Rxh3+ 40. Kxh3 1-0


[Site "https://www.chess.com"]

[Event "Titled Tuesday Blitz July 6 2021"]
[White "Vogel, Roven"]
[Black "Devaev, Alexander"]
[WhiteFideId "12908088"]
[BlackFideId "4169395"]
[WhiteElo "2516"]
[BlackElo "2185"]
[Result "1-0"]
[Round "02"]
[TimeControl "180+1"]
[Date "2021.07.06"]
[WhiteClock "0:00:14"]
[BlackClock "0:00:03"]

1. e4 c6 2. Nf3 d5 3. d3 Bg4 4. Nbd2 Nf6 5. h3 Bxf3 6. Qxf3 e6 7. g3 Nbd7 8. Bg2 g6 9. Qe2 Bg7 10. e5 Ng8 11. Nf3 Qc7 12. d4 Ne7 13. O-O c5 14. c3 Nc6 15. Be3 cxd4 16. cxd4 O-O 17. h4 Rac8 18. h5 Qb6 19. Rac1 Na5 20. b3 Rc6 21. Rxc6 Nxc6 22. Rd1 Rc8 23. Ng5 Ne7 24. g4 Qa6 25. Qf3 Rf8 26. Bf1 Qxa2 27. hxg6 fxg6 28. Qh3 h6 29. Nxe6 g5 30. Rc1 Nc6 31. Qh5 Rf7 32. Bd3 Nf8 33. Nxf8 Kxf8 34. Qg6 Qxb3 35. Qd6+ Re7 36. Bf5 Qa3 37. Qxa3 1-0


[Site "https://www.chess.com"]

[Event "Titled Tuesday Blitz July 6 2021"]
[White "Vyatkin, Dmitry"]
[Black "Shahinyan, David"]
[WhiteFideId "4171900"]
[BlackFideId "13304380"]
[WhiteElo "2279"]
[BlackElo "2372"]
[Result "0-1"]
[Round "02"]
[TimeControl "180+1"]
[Date "2021.07.06"]
[WhiteClock "0:00:35"]
[BlackClock "0:00:52"]

1. d4 Nf6 2. c4 c5 3. d5 b5 4. cxb5 a6 5. bxa6 Bxa6 6. Nc3 d6 7. Nf3 g6 8. g3 Bg7 9. Bg2 O-O 10. O-O Qa5 11. Bd2 Nbd7 12. Rb1 Rfb8 13. b3 Bb7 14. Nh4 Ne8 15. Qc2 Nc7 16. a4 Qb6 17. Rfd1 Nf6 18. e4 Ba6 19. Bf1 Ng4 20. h3 Ne5 21. f4 Nd3 22. Ng2 c4+ 23. Be3 cxb3 24. Qd2 Qb4 25. Nb5 Qxd2 26. Rxd2 Bxb5 27. axb5 Nc5 28. Bxc5 dxc5 29. e5 Nxb5 30. Rxb3 Nd4 31. Rxb8+ Rxb8 32. Ne3 f6 33. Nc4 Nf3+ 34. Kf2 Nxd2 35. Nxd2 fxe5 36. fxe5 Rb2 0-1


[Site "https://www.chess.com"]

[Event "Titled Tuesday Blitz July 6 2021"]
[White "Wagh Suyog"]
[Black "Albuquerque Junior,Wellington S."]
[WhiteFideId "25071688"]
[BlackFideId "2151480"]
[WhiteElo "2219"]
[BlackElo "2042"]
[Result "1-0"]
[Round "02"]
[TimeControl "180+1"]
[Date "2021.07.06"]
[WhiteClock "0:01:17"]
[BlackClock "0:00:08"]

1. e4 c5 2. Nf3 d6 3. d4 cxd4 4. Nxd4 Nf6 5. Nc3 Nc6 6. Be2 e5 7. Nb3 a5 8. a4 Be7 9. O-O O-O 10. Be3 Be6 11. Re1 Rc8 12. Bf3 Nb4 13. Re2 Bg4 14. Rd2 Bxf3 15. Qxf3 h6 16. Rad1 b6 17. Qe2 Rc6 18. f3 Qd7 19. Nb5 Qe6 20. Nc1 d5 21. c3 d4 22. cxd4 exd4 23. Nxd4 Qc4 24. Nxc6 Qxc6 25. b3 Rc8 26. Nd3 Nxd3 27. Rxd3 Bb4 28. Rd8+ Rxd8 29. Rxd8+ Kh7 30. e5 Nd5 31. Qd3+ g6 32. Rxd5 1-0


[Site "https://www.chess.com"]

[Event "Titled Tuesday Blitz July 6 2021"]
[White "Weetik, Vjacheslav"]
[Black "Saravana, Krishnan P."]
[WhiteFideId "4153472"]
[BlackFideId "5018382"]
[WhiteElo "2469"]
[BlackElo "2245"]
[Result "0-1"]
[Round "02"]
[TimeControl "180+1"]
[Date "2021.07.06"]
[WhiteClock "0:00:16"]
[BlackClock "0:00:25"]

1. d4 Nf6 2. Bf4 c5 3. e3 g6 4. Nf3 Bg7 5. c3 O-O 6. Nbd2 b6 7. h3 Bb7 8. Be2 d6 9. Bh2 Nbd7 10. O-O a6 11. a4 cxd4 12. exd4 Nd5 13. Re1 Rc8 14. Bd3 Rc7 15. Qe2 Qa8 16. Nc4 Rfc8 17. Nfd2 N7f6 18. Ne3 Nxe3 19. fxe3 Ne4 20. Nxe4 Bxe4 21. Bxa6 Rb8 22. Bb5 f5 23. Qf2 Rf8 24. Rad1 e5 25. dxe5 dxe5 26. Rd6 f4 27. exf4 exf4 28. Qxb6 Rcc8 29. Qf2 Kh8 30. Rd7 Bf5 31. Bxf4 Bxd7 32. Bxd7 Rxf4 33. Qxf4 Qa7+ 34. Qe3 Qxd7 35. Qe6 Qa7+ 36. Kh1 Rf8 37. Qc6 Qf2 38. Rd1 Be5 0-1


[Site "https://www.chess.com"]

[Event "Titled Tuesday Blitz July 6 2021"]
[White "Williams, Simon K"]
[Black "Grischuk, Alexander"]
[WhiteFideId "404454"]
[BlackFideId "4126025"]
[WhiteElo "2468"]
[BlackElo "2765"]
[Result "0-1"]
[Round "02"]
[TimeControl "180+1"]
[Date "2021.07.06"]
[WhiteClock "0:00:02"]
[BlackClock "0:00:05"]

1. d4 Nf6 2. c4 g6 3. Nc3 d5 4. Nf3 Bg7 5. h4 c6 6. cxd5 cxd5 7. Bf4 O-O 8. e3 Nc6 9. Ne5 Nxe5 10. Bxe5 Ne4 11. Bxg7 Kxg7 12. Nxe4 dxe4 13. Be2 Be6 14. O-O Qb6 15. Qd2 Rac8 16. b3 Bd5 17. Rfc1 a5 18. Bc4 e6 19. Rc2 Rc6 20. Rac1 Rfc8 21. Bxd5 exd5 22. Rxc6 bxc6 23. Rc5 Ra8 24. Qc3 Ra6 25. h5 g5 26. f3 exf3 27. gxf3 Qb4 28. e4 Qxc3 29. Rxc3 Kh6 30. exd5 cxd5 31. Rc5 Kxh5 32. Rxd5 Kh4 33. Kf2 h5 34. Rc5 g4 35. fxg4 hxg4 36. Rc8 Rf6+ 37. Kg2 Rf3 38. d5 Rd3 39. Rd8 Rd2+ 40. Kf1 Kg3 41. Ke1 Rd4 42. d6 f5 43. Rf8 f4 44. Rf6 f3 45. Rf5 Kg2 0-1


[Site "https://www.chess.com"]

[Event "Titled Tuesday Blitz July 6 2021"]
[White "Yakubboev, Nodirbek"]
[Black "AleksanderHnydiuk"]
[WhiteFideId "14203987"]
[WhiteElo "2519"]
[BlackElo "2539"]
[Result "1-0"]
[Round "02"]
[TimeControl "180+1"]
[Date "2021.07.06"]
[WhiteClock "0:00:27"]
[BlackClock "0:00:01"]

1. c4 g6 2. g3 Bg7 3. Bg2 Nf6 4. Nc3 O-O 5. d4 d6 6. Nf3 Nc6 7. O-O e5 8. d5 Nb8 9. e4 a5 10. Ne1 Na6 11. Nd3 Nd7 12. Be3 Nac5 13. Nxc5 Nxc5 14. a3 f5 15. b4 axb4 16. axb4 Rxa1 17. Qxa1 Nb3 18. Qd1 Nd4 19. exf5 Bxf5 20. Ne4 Qd7 21. Qd3 Ra8 22. Rc1 Ra2 23. Kh1 Qa4 24. c5 Ra1 25. Qf1 Rxc1 26. Qxc1 Qxb4 27. cxd6 cxd6 28. h3 Ne2 29. Qd1 Bxe4 30. Qxe2 Bxg2+ 31. Kxg2 Qe4+ 32. Qf3 Qxf3+ 33. Kxf3 b5 34. Ke4 Kf7 35. Kd3 Ke7 36. Kc3 Kf6 37. Kb4 Kf5 38. Kxb5 Ke4 39. Kc6 Bf8 40. Bb6 Kf3 41. Kd7 e4 42. Ke6 g5 43. Be3 h6 44. Kf7 g4 45. h4 1-0


[Site "https://www.chess.com"]

[Event "Titled Tuesday Blitz July 6 2021"]
[White "Yanchenko, Roman"]
[Black "Koellner, Ruben Gideon"]
[WhiteFideId "4137329"]
[BlackFideId "12993093"]
[WhiteElo "2514"]
[BlackElo "2512"]
[Result "0-1"]
[Round "02"]
[TimeControl "180+1"]
[Date "2021.07.06"]
[WhiteClock "0:00:09"]
[BlackClock "0:00:04"]

1. d4 d6 2. c4 e5 3. dxe5 dxe5 4. Qxd8+ Kxd8 5. Nc3 Be6 6. b3 c6 7. f4 Nd7 8. Nf3 f6 9. fxe5 Nxe5 10. Nxe5 fxe5 11. Bb2 Nf6 12. O-O-O Kc7 13. h3 Bc5 14. Na4 Be3+ 15. Kb1 Bf5+ 16. Ka1 Rhe8 17. Bc3 Bc2 18. Re1 Rad8 19. Kb2 Bg6 20. g4 Be4 21. Rh2 Bg1 22. Rg2 Bxg2 23. Bxg2 Be3 24. Kc2 Rd7 25. Rf1 Bd4 26. Ba5+ b6 27. Be1 e4 28. Nc3 e3 29. Nd1 Ne4 30. Rf4 Nf2 31. Nc3 Be5 32. Rf3 Bd4 33. Rf5 a5 34. a3 Bc5 35. b4 axb4 36. axb4 Bxb4 37. Bxf2 exf2 38. Rxf2 Bxc3 39. Kxc3 Re3+ 40. Kc2 Rde7 41. Kd2 b5 42. cxb5 cxb5 43. Bf3 b4 44. Rf1 Ra3 45. Rc1+ Kb6 46. Rc8 Kb5 47. Rb8+ Kc4 48. Rc8+ Kb3 49. Bd5+ Kb2 50. Rc2+ Kb1 51. Rc1+ Kb2 52. Rc2+ Ka1 53. Rc1+ Kb2 54. e4 Rc3 55. Rf1 Rxh3 56. Rg1 Rh2+ 57. Kd3 b3 58. g5 Rc7 59. e5 Rc3+ 60. Kd4 Rd2+ 61. Ke4 Rcc2 62. Rg4 Re2+ 63. Kd4 Rcd2+ 64. Kc5 Rxe5 65. Kb4 Rexd5 66. Kc4 R5d4+ 67. Rxd4 Rxd4+ 68. Kxd4 Kc2 69. g6 hxg6 0-1


[Site "https://www.chess.com"]

[Event "Titled Tuesday Blitz July 6 2021"]
[White "Yang, Kaiqi"]
[Black "Novikova, Galina"]
[WhiteFideId "8604398"]
[BlackFideId "4157095"]
[WhiteElo "2373"]
[BlackElo "1967"]
[Result "1-0"]
[Round "02"]
[TimeControl "180+1"]
[Date "2021.07.06"]
[WhiteClock "0:00:45"]
[BlackClock "0:00:11"]

1. e4 e6 2. d3 d5 3. Nd2 c5 4. Ngf3 Nc6 5. g3 Nf6 6. Bg2 g6 7. O-O Bg7 8. exd5 Nxd5 9. Nb3 Qe7 10. c4 Ndb4 11. Be3 Na6 12. d4 cxd4 13. Nbxd4 Nxd4 14. Bxd4 O-O 15. Bxg7 Kxg7 16. Qd4+ Kg8 17. Rfd1 Nc5 18. b4 Nd7 19. c5 e5 20. Qc3 Re8 21. Nd2 Nf6 22. Nc4 Bg4 23. Re1 Qc7 24. Nxe5 Be6 25. Nxg6 hxg6 26. Qxf6 a5 27. a3 axb4 28. axb4 Rxa1 29. Rxa1 Qd7 30. h4 Bd5 31. Rd1 Qe6 32. Qxe6 Bxe6 33. Bxb7 1-0


[Site "https://www.chess.com"]

[Event "Titled Tuesday Blitz July 6 2021"]
[White "Zhigalko, Sergei"]
[Black "Shapiro, David"]
[WhiteFideId "13502956"]
[BlackFideId "24133523"]
[WhiteElo "2662"]
[BlackElo "2234"]
[Result "1-0"]
[Round "02"]
[TimeControl "180+1"]
[Date "2021.07.06"]
[WhiteClock "0:02:09"]
[BlackClock "0:01:41"]

1. e4 c6 2. d4 d5 3. e5 Bf5 4. Nf3 e6 5. Be2 Nd7 6. O-O h6 7. Nbd2 g5 8. Nb3 c5 9. Nxc5 Nxc5 10. dxc5 Ne7 11. Nd4 Bg7 12. Bb5+ Kf8 13. f4 g4 14. Be3 h5 15. c3 Qc7 16. Rc1 Be4 17. b4 Nf5 18. Nxf5 Bxf5 19. Bd3 Bxd3 20. Qxd3 Bh6 21. Rce1 a5 22. b5 Kg7 23. Bd4 a4 24. f5 Ra5 25. fxe6 fxe6 26. Rf6 Qd7 27. Qg6# 1-0


[Site "https://www.chess.com"]

[Event "Titled Tuesday Blitz July 6 2021"]
[White "Zubov, Alexander"]
[Black "Viana Da Costa, Fernando"]
[WhiteFideId "14109409"]
[BlackFideId "2111900"]
[WhiteElo "2740"]
[BlackElo "2247"]
[Result "1-0"]
[Round "02"]
[TimeControl "180+1"]
[Date "2021.07.06"]
[WhiteClock "0:00:05"]
[BlackClock "0:00:01"]

1. d4 Nf6 2. c4 e6 3. Nf3 d5 4. Nc3 Bb4 5. cxd5 exd5 6. Bg5 O-O 7. Rc1 Be6 8. e3 Nbd7 9. Be2 h6 10. Bh4 c6 11. O-O Re8 12. Qb3 Qb6 13. Qc2 a5 14. Bd3 Rac8 15. a3 Bd6 16. Na4 Qc7 17. Bg3 Bxg3 18. hxg3 Qd6 19. Qc3 Ra8 20. Nd2 Rec8 21. Nc5 b6 22. Nxd7 Bxd7 23. Nf3 c5 24. dxc5 bxc5 25. Rfd1 Qe7 26. Qe5 Be6 27. Bb5 a4 28. Bd3 Qb7 29. Rb1 Rab8 30. Qf4 Qc7 31. Qxa4 Rb6 32. b4 c4 33. Be2 Ne4 34. Rdc1 Bf5 35. Nd4 Bg6 36. Ra1 Qb7 37. Qd1 Ra8 38. b5 Ra5 39. Qe1 Qa8 40. Qb4 Ra4 41. Qe7 Rb7 42. Qe5 Rb6 43. Bf3 Nf6 44. Rc3 Kh7 45. g4 Rb8 46. g5 hxg5 47. Qxg5 Re8 48. Qh4+ Kg8 49. Qf4 Qa5 50. Rcc1 Rxa3 51. Rxa3 Qxa3 52. Rf1 Qb4 53. Qc7 Rf8 54. b6 1-0


[Site "https://www.chess.com"]

[Event "Titled Tuesday Blitz July 6 2021"]
[White "pooh2012"]
[Black "Korchmar, Vasiliy"]
[BlackFideId "24131750"]
[WhiteElo "2475"]
[BlackElo "2370"]
[Result "1-0"]
[Round "02"]
[TimeControl "180+1"]
[Date "2021.07.06"]
[WhiteClock "0:00:30"]
[BlackClock "0:00:40"]

1. e4 c5 2. Nf3 d6 3. d4 cxd4 4. Nxd4 Nf6 5. Nc3 Nc6 6. Bg5 e6 7. Qd2 a6 8. f3 h6 9. Be3 Be7 10. Be2 Nxd4 11. Bxd4 b5 12. a4 b4 13. Nd1 d5 14. e5 Nd7 15. f4 a5 16. Ne3 Ba6 17. O-O O-O 18. f5 Bxe2 19. Qxe2 Bc5 20. c3 Qh4 21. g3 Qg5 22. Rf4 bxc3 23. bxc3 Kh8 24. f6 gxf6 25. Rg4 fxe5 26. Rxg5 hxg5 27. Qh5+ Kg7 28. Qxg5+ Kh7 29. Bxc5 Nxc5 30. Ng4 Rg8 31. Nf6+ Kh8 32. Qh6# 1-0


[Site "https://www.chess.com"]

[Event "Titled Tuesday Blitz July 6 2021"]
[White "Abdurakhmonov, Mukhammadali"]
[Black "Quparadze, Giga"]
[WhiteFideId "14207346"]
[BlackFideId "13602250"]
[WhiteElo "2266"]
[BlackElo "2658"]
[Result "1-0"]
[Round "03"]
[TimeControl "180+1"]
[Date "2021.07.06"]
[WhiteClock "0:00:03"]
[BlackClock "0:00:06"]

1. e4 c5 2. Nc3 a6 3. g3 b5 4. Bg2 Bb7 5. Nge2 e6 6. d4 cxd4 7. Nxd4 Nc6 8. O-O Nxd4 9. Qxd4 Ne7 10. Re1 Nc6 11. Qd1 Ne5 12. f4 Nc4 13. b3 Qb6+ 14. Kh1 Bb4 15. Qd3 Qa5 16. Rd1 O-O 17. Ne2 Na3 18. c3 Be7 19. Bb2 Rad8 20. Nd4 d5 21. e5 g6 22. g4 b4 23. f5 exf5 24. gxf5 Bg5 25. Qg3 Bh6 26. f6 Kh8 27. e6 fxe6 28. Nxe6 d4 29. cxd4 Bxg2+ 30. Qxg2 Nc2 31. d5 Rf7 32. Qxc2 Re8 33. Qc4 Qb6 34. Bd4 Qb7 35. Re1 Rc8 36. Nc5 Qb8 37. Re7 Qf4 38. Rxf7 Qf3+ 39. Kg1 Qg4+ 40. Kf1 Qf3+ 41. Bf2 Qh1+ 42. Bg1 Qf3+ 43. Bf2 Be3 44. Qh4 h5 45. Qg3 Qh1+ 46. Ke2 Qxa1 47. Qxe3 Qb2+ 48. Kf1 Qb1+ 49. Kg2 g5 50. Qxg5 Qe4+ 51. Nxe4 Rg8 52. Rg7 Rxg7 53. Qxg7# 1-0


[Site "https://www.chess.com"]

[Event "Titled Tuesday Blitz July 6 2021"]
[White "Abrashkin, Boris"]
[Black "Ibrahimli, Murad"]
[WhiteFideId "4120582"]
[BlackFideId "13410229"]
[WhiteElo "2586"]
[BlackElo "2109"]
[Result "1-0"]
[Round "03"]
[TimeControl "180+1"]
[Date "2021.07.06"]
[WhiteClock "0:00:49"]
[BlackClock "0:00:05"]

1. d4 d5 2. c4 c6 3. Nc3 Nf6 4. e3 e6 5. Nf3 Nbd7 6. Bd3 dxc4 7. Bxc4 b5 8. Bd3 a6 9. e4 c5 10. d5 c4 11. Bc2 Qc7 12. dxe6 fxe6 13. O-O Bb7 14. Ng5 Nc5 15. Be3 h6 16. Nxe6 Nxe6 17. e5 Qxe5 18. Bg6+ Ke7 19. Re1 Rd8 20. Qxd8+ Kxd8 21. Bb6+ Qc7 22. Rxe6 Qxb6 23. Rxb6 Kc7 24. Re6 Bc5 25. Kf1 Rd8 26. Rd1 Rxd1+ 27. Nxd1 Bd5 28. Re1 b4 29. Ne3 Be6 30. Rc1 Bxe3 31. fxe3 Kd6 32. Ke2 a5 33. h3 Kc5 34. g4 Nd7 35. Bf5 Nf8 36. Bxe6 Nxe6 37. Rf1 a4 38. Rf5+ Kc6 39. a3 c3 40. bxc3 bxa3 41. Rf1 Nc7 42. Ra1 Nb5 43. c4 Nd6 44. Rxa3 Nxc4 45. Rxa4 1-0


[Site "https://www.chess.com"]

[Event "Titled Tuesday Blitz July 6 2021"]
[White "Andreikin, Dmitry"]
[Black "Oliveira, Silvio Eduardo"]
[WhiteFideId "4158814"]
[BlackFideId "2111560"]
[WhiteElo "2782"]
[BlackElo "2302"]
[Result "1-0"]
[Round "03"]
[TimeControl "180+1"]
[Date "2021.07.06"]
[WhiteClock "0:00:34"]
[BlackClock "0:00:12"]

1. e4 e5 2. Nf3 Nc6 3. Bb5 Nf6 4. O-O Nxe4 5. d4 Nd6 6. Bxc6 dxc6 7. dxe5 Nf5 8. Qxd8+ Kxd8 9. Rd1+ Ke8 10. Nc3 Ne7 11. Nd4 Ng6 12. h3 Be7 13. Re1 h5 14. Ne4 h4 15. f4 a6 16. Be3 c5 17. Ne2 b6 18. c4 Nf8 19. N2c3 Bf5 20. Bf2 Ne6 21. Nd5 Rd8 22. Rad1 c6 23. Nxe7 Kxe7 24. Rxd8 Kxd8 25. Nd6 Rh5 26. Rd1 Kc7 27. Be3 Nd8 28. Ne8+ Kc8 29. Nxg7 1-0


[Site "https://www.chess.com"]